 Dungeon Crawl Stone Soup version 0.22-a0-298-g92d99f377c (webtiles) character file.

8035 Infinimo the Spear-Bearer (level 11, -1/102 HPs)
             Began as a Tengu Berserker on Mar 25, 2018.
             Was a High Priest of Trog.
             Slain by a large abomination (13 damage)
             ... on level 2 of the Abyss.
             The game lasted 00:17:34 (10959 turns).

Infinimo the Spear-Bearer (Tengu Berserker)        Turns: 10959, Time: 00:17:37

Health: -1/102     AC: 17    Str: 23    XL:     11   Next: 24%
Magic:  12/12      EV: 12    Int:  7    God:    Trog [*****.]
Gold:   443        SH:  0    Dex: 17    Spells: 10/10 levels left

rFire    . . .     SeeInvis .   j - +0 glaive
rCold    . . .     Gourm    .   (shield currently unavailable)
rNeg     . . .     Faith    .   p - +1 plate armour
rPois    .         Spirit   .   (helmet restricted)
rElec    .         Reflect  .   b - +1 cloak
rCorr    .         Harm     .   (no gloves)
MR       .....                  (boots unavailable)
Stlth    ..........             (no amulet)
HPRegen  0.27/turn              (no ring)
MPRegen  0.13/turn              (no ring)

@: berserking, lethally poisoned (-1 -> -2), starving, very quick
A: beak, talons 3, able to fly 1
a: Fly, Berserk, Trog's Hand, Brothers in Arms, Renounce Religion


You were on level 2 of the Abyss.
You worshipped Trog.
Trog was extremely pleased with you.
You were starving.

You visited 1 branch of the dungeon, and saw 9 of its levels.
You visited the Abyss 1 time.

You collected 443 gold pieces.

Inventory:

Hand Weapons
 j - a +0 glaive (weapon)
Armour
 b - a +1 cloak (worn)
 p - a +1 plate armour (worn)
Magical Staves
 u - an uncursed staff of air {unknown}
Jewellery
 a - an uncursed ring of protection from cold {unknown}
Wands
 s - a wand of iceblast (9)
Scrolls
 d - 7 scrolls of remove curse
 e - 6 scrolls of identify
 l - 4 scrolls of teleportation
 m - a scroll of magic mapping
 r - a scroll of fog
Potions
 g - 3 potions of flight
 h - a potion of haste
 i - 8 potions of curing
 k - a potion of heal wounds
 n - 3 potions of agility
 o - a potion of lignification
 q - a potion of berserk rage
 t - a potion of brilliance {unknown}
Comestibles
 c - 14 rations


   Skills:
 + Level 8.3 Fighting
 * Level 12.1 Polearms
 + Level 8.7 Armour
 + Level 8.7 Dodging


You had 10 spell levels left.
You didn't know any spells.

Dungeon Overview and Level Annotations

Branches:
Dungeon (9/15)             Temple (0/1) D:5            Lair (0/6) D:8
    Orc: D:9-12

Altars:
Cheibriados
Dithmenos
Elyvilon
Gozag
Hepliaklqana
Kikubaaqudgha
Makhleb
Okawaru
Qazlal
Wu Jian
Yredelemnul
The Shining One

Annotations:
D:9 Erolcha


Innate Abilities, Weirdness & Mutations

You have a beak for a mouth.
You have claws for feet.
You can fly.


Message History

The naga warrior blocks your attack.
The naga warrior is moderately wounded.
The naga warrior blocks your attack.
The naga warrior is moderately wounded.
You feel sick.
The naga warrior hits you with a war axe!!
The naga warrior constricts you. The naga warrior blocks your attack.
You claw the naga warrior!! The naga warrior blocks your attack.
The naga warrior is heavily wounded.
The naga warrior constricts you.
The naga warrior is almost dead.
You feel sick.
You kill the naga warrior!
Trog accepts your kill.
Your Polearms skill increases to level 12!
The large abomination hits you!!
* * * LOW HITPOINT WARNING * * *
The large abomination hits you!
You die...

..# N
.# # .
. . .
5. .# .
#.#.# #
. ....
# #.###
###...#
.
#@X.###
#X#)##
## ## #
. .


You could see 2 large abominations.

Vanquished Creatures
  A naga warrior (Abyss:2)
  A two-headed ogre (D:8)
  Pikel (D:7)
  A naga mage (Abyss:2)
  2 komodo dragons (D:8)
  A troll (D:9)
  Prince Ribbit (D:8)
  A ynoxinul (Abyss:2)
  2 wyverns (D:8)
  A hungry ghost (D:7)
  A basilisk (D:8)
  An acid dragon (D:8)
  Edmund (D:5)
  4 orc warriors
  A sky beast (D:6)
  A slave (D:7)
  2 ice beasts (D:6)
  2 centaurs (D:6)
  4 ogres
  5 bullfrogs
  A gnoll sergeant (D:5)
  3 scorpions
  A water moccasin skeleton (D:8)
  9 killer bees
  8 wights
  2 howler monkeys
  5 crimson imps
  6 orc priests
  5 jellies
  2 quasits
  3 hounds
  Crazy Yiuf (D:7)
  6 orc wizards
  A bullfrog skeleton (D:6)
  3 centaur skeletons
  Ijyb (D:5)
  2 iguanas
  8 worker ants
  2 hound zombies
  Robin (D:1)
  A howler monkey skeleton (D:4)
  9 gnolls
  7 adders
  A shadow imp (D:6)
  An ufetubus (Abyss:2)
  7 oozes
  An adder skeleton (D:6)
  A worm (D:5)
  2 dart slugs (D:1)
  3 leopard geckos
  28 orcs
  8 giant cockroaches
  15 goblins
  8 hobgoblins
  12 jackals
  4 quokkas
  2 ball pythons
  6 bats
  6 frilled lizards
  2 jackal skeletons
  6 kobolds
  A leopard gecko skeleton (D:6)
  10 rats
245 creatures vanquished.

Vanquished Creatures (others)
  An adder (D:7)
  A giant cockroach (D:7)
2 creatures vanquished.

Grand Total: 247 creatures vanquished

Notes
Turn   | Place    | Note
-------+----------+-------------------------------------------
     0 | D:1      | Infinimo the Tengu Berserker began the quest for the Orb.
     0 | D:1      | Reached XP level 1. HP: 14/14 MP: 2/2
    72 | D:1      | Reached XP level 2. HP: 19/19 MP: 3/3
   694 | D:1      | Reached XP level 3. HP: 18/23 MP: 4/4
   772 | D:1      | Reached skill level 4 in Polearms
  1055 | D:2      | Reached ** piety under Trog
  1072 | D:2      | Reached XP level 4. HP: 10/28 MP: 5/5
  1553 | D:2      | Noticed Robin
  1582 | D:2      | Gained mutation: You can fly. [Tengu growth]
  1582 | D:2      | Reached XP level 5. HP: 32/32 MP: 6/6
  1615 | D:1      | Killed Robin
  2193 | D:3      | Reached *** piety under Trog
  2477 | D:3      | Reached skill level 5 in Polearms
  2615 | D:3      | Reached XP level 6. HP: 36/38 MP: 7/7
  3622 | D:4      | Reached **** piety under Trog
  3659 | D:4      | Reached XP level 7. HP: 39/44 MP: 8/8
  3748 | D:4      | Found a burning altar of Makhleb.
  3750 | D:4      | Noticed a balrug
  3838 | D:5      | Entered Level 5 of the Dungeon
  3889 | D:5      | Reached skill level 6 in Polearms
  4309 | D:5      | Noticed Edmund
  4333 | D:5      | Killed Edmund
  4450 | D:5      | Found a staircase to the Ecumenical Temple.
  4451 | D:5      | Noticed Ijyb
  4491 | D:5      | Killed Ijyb
  4526 | D:5      | Found an opulent altar of Gozag.
  4530 | D:5      | Found a shadowy altar of Dithmenos.
  4530 | D:5      | Found a hazy altar of Hepliaklqana.
  4530 | D:5      | Found a white marble altar of Elyvilon.
  4531 | D:5      | Found a stormy altar of Qazlal.
  4531 | D:5      | Found an ancient bone altar of Kikubaaqudgha.
  4533 | D:5      | Found an iron altar of Okawaru.
  4535 | D:5      | Found an ornate altar of the Wu Jian Council.
  4677 | D:5      | Reached skill level 5 in Fighting
  4677 | D:5      | Reached XP level 8. HP: 6/49 MP: 9/9
  5085 | D:5      | Reached skill level 7 in Polearms
  5196 | D:5      | Found a glowing golden altar of the Shining One.
  5201 | D:5      | Noticed an angel
  5211 | D:5      | Found a basalt altar of Yredelemnul.
  5220 | D:5      | Found a snail-covered altar of Cheibriados.
  5454 | D:6      | Reached skill level 5 in Armour
  5454 | D:6      | Reached skill level 5 in Dodging
  5931 | D:6      | Reached skill level 8 in Polearms
  6148 | D:6      | Reached XP level 9. HP: 53/55 MP: 10/10
  6581 | D:6      | Reached skill level 9 in Polearms
  7184 | D:7      | Reached ***** piety under Trog
  7216 | D:7      | Noticed Pikel
  7245 | D:7      | Killed Pikel
  7734 | D:7      | Found a runed door.
  8076 | D:7      | Noticed Crazy Yiuf
  8078 | D:7      | Killed Crazy Yiuf
  8123 | D:8      | Noticed Prince Ribbit
  8133 | D:7      | Reached skill level 10 in Polearms
  8145 | D:7      | Reached XP level 10. HP: 37/61 MP: 11/11
  8381 | D:8      | Killed Prince Ribbit
  9211 | D:8      | Noticed a two-headed ogre
  9221 | D:8      | Killed a two-headed ogre
  9222 | D:8      | Reached skill level 11 in Polearms
 10366 | D:8      | Found a staircase to the Lair.
 10527 | D:9      | Reached XP level 11. HP: 68/68 MP: 12/12
 10678 | D:9      | Noticed Erolcha
 10685 | D:9      | Cast into level 2 of the Abyss (Erolcha)
 10700 | Abyss:2  | Found a corrupted altar of Lugonu.
 10935 | Abyss:2  | Noticed a naga warrior
 10959 | Abyss:2  | Killed a naga warrior
 10959 | Abyss:2  | Reached skill level 12 in Polearms
 10959 | Abyss:2  | Slain by a large abomination

Vault maps used:
D:1:      minmay_arrival_arboretum_small, patterned_corridor
D:2:      uniq_robin
D:3:      minmay_misc_feat_nine_boxes
D:4:      makhleb_altar_promises_db
D:5:      grunt_temple_overflow_holy_war, minitemple, minmay_temple_entry_glass,
          first_ration, cheibriados_altar_1, uniq_edmund, uniq_ijyb
D:6:      kennysheep_windowed_halls, minmay_misc_feat_room
D:7:      uniq_crazy_yiuf_cottage, uniq_pikel
D:8:      erik_lair_dragon, hangedman_little_slice_of_home,
          corexii_hall_statues_x, uniq_prince_ribbit1
D:9:      zombieorc1_lemuel, uniq_erolcha, uniq_grum
Abyss:2:  hangedman_abyss_or_decor_jellyfish_corner

Skill      XL: |  1  2  3  4  5  6  7  8  9 10 11 |
---------------+----------------------------------+-----
Polearms       | 4 5 6 8 10 11 12 | 12.1
Armour         | 3 4 5 7 8 |  8.7
Dodging        | 3 4 5 7 8 |  8.7
Fighting       | 4 5 6 8 |  8.3

Action                   |  1- 3 |  4- 6 |  7- 9 | 10-12 || total
-------------------------+-------+-------+-------+-------++-------
Melee: Spear             |    62 |   228 |    19 |       ||   309
       Kick              |     9 |    54 |    74 |    57 ||   194
       Peck              |     7 |    31 |    38 |    40 ||   116
       Halberd           |       |       |   215 |   113 ||   328
       Unarmed           |       |       |    27 |       ||    27
       Trident           |       |       |     4 |       ||     4
       Glaive            |       |       |       |    91 ||    91
Invok: Berserk           |     1 |     3 |     8 |    10 ||    22
  Use: Scroll            |       |    12 |     5 |     1 ||    18
       Potion            |       |       |       |     2 ||     2
 Stab: Sleeping          |     1 |       |       |       ||     1
  Eat: Chunk             |     1 |    12 |    21 |    15 ||    49
       Ration            |       |       |       |     1 ||     1
Armor: Animal skin       |    16 |       |       |       ||    16
       Plate armour      |       |    75 |   120 |   140 ||   335
Dodge: Dodged            |    39 |    40 |   106 |   122 ||   307

Table legend:
 A = Spawn XP
 B = Non-spawn XP
 C = Spawn XP percentage of total XP
 D = Spawn monster count
 E = Non-spawn monster count
 F = Spawn count percentage of total count
 G = Total turns spent on level
                    A         B        C        D         E        F      G
               +---------+---------+-------+---------+---------+-------+---------
         Total |    1630 |    9849 |  14.2 |       4 |     241 |   1.6 | 10959
               +---------+---------+-------+---------+---------+-------+---------
           D:1 |       0 |      69 |   0.0 |       0 |      21 |   0.0 |  1017
           D:2 |       0 |     154 |   0.0 |       0 |      31 |   0.0 |  1076
           D:3 |       0 |     116 |   0.0 |       0 |      24 |   0.0 |   608
           D:4 |       0 |     330 |   0.0 |       0 |      31 |   0.0 |  1379
           D:5 |       0 |     743 |   0.0 |       0 |      18 |   0.0 |  1340
           D:6 |       0 |    2017 |   0.0 |       0 |      37 |   0.0 |  1747
           D:7 |       0 |    1586 |   0.0 |       0 |      22 |   0.0 |  1761
           D:8 |       0 |    4082 |   0.0 |       0 |      48 |   0.0 |  1588
           D:9 |       0 |     752 |   0.0 |       0 |       9 |   0.0 |   169
       Abyss:2 |    1630 |       0 | 100.0 |       4 |       0 | 100.0 |   274
               +---------+---------+-------+---------+---------+-------+---------
